 Dungeon Crawl Stone Soup version 0.25.0-11-g1f837a76a1 (webtiles) character file.

Game seed: 7259878580006096226

2621 Esekla the Magician (level 9, -13/55 HPs)
             Began as an Octopode Necromancer on June 27, 2020.
             Was an Initiate of Gozag.
             Mangled by a red ugly thing (16 damage)
             ... on level 7 of the Dungeon.
             The game lasted 01:09:17 (9448 turns).

Esekla the Magician (Octopode Necromancer)          Turns: 9448, Time: 01:09:18

Health: -13/55     AC:  1    Str: 15      XL:     9   Next: 60%
Magic:  15/18      EV: 15    Int: 25      God:    Gozag
Gold:   246        SH:  4    Dex: 11 (12) Spells: 6/20 levels left

rFire    . . .     SeeInvis .   a - +0 long sword
rCold    + . .     Gourm    .   f - +0 buckler
rNeg     . . .     Faith    .   (helmet restricted)
rPois    .         Spirit   .   C - amulet of the acrobat
rElec    .         Reflect  .   k - ring of protection from cold
rCorr    .         Harm     .   c - +6 ring of intelligence
MR       .....                  F - +6 ring of strength
Stlth    +++.......             (no ring)
HPRegen  0.18/turn              (no ring)
MPRegen  0.16/turn              (no ring)
                                (no ring)
                                (no ring)

@: about to teleport, gold aura, lightly drained
A: almost no armour, stealthy swim, amphibious, 8 rings, constrict 8, camouflage
1, gelatinous body 1
a: Potion Petition, Call Merchant, Bribe Branch, Renounce Religion


You were on level 7 of the Dungeon.
You worshipped Gozag.
Gozag was aware of your devotion.
You were not hungry.

You visited 2 branches of the dungeon, and saw 9 of its levels.

You collected 935 gold pieces.
You spent 113 gold pieces at shops.
You paid 576 gold pieces to Gozag.

Inventory:

Hand Weapons
 a - a +0 long sword (weapon)
 s - a +2 dagger of speed
 t - a +0 trident
Missiles
 j - 5 silver javelins
 x - 23 poisoned darts (quivered)
 y - 17 boomerangs
Armour
 f - a +0 buckler (worn)
Jewellery
 c - a +6 ring of intelligence (right tentacle)
 k - a ring of protection from cold (left tentacle)
 C - an amulet of the acrobat (around mantle)
 F - a +6 ring of strength (on tentacle)
Wands
 G - a wand of clouds (7)
Scrolls
 e - 7 scrolls of remove curse
 g - 5 scrolls of teleportation
 l - 2 scrolls of magic mapping {unknown}
 o - a scroll of blinking {unknown}
 p - a scroll of noise {unknown}
 u - a scroll of fear {unknown}
 B - 2 scrolls of immolation {unknown}
 D - a scroll of amnesia {unknown}
 E - a scroll of enchant armour {unknown}
Potions
 d - 7 potions of curing
 h - 4 potions of might
 i - a potion of magic {unknown}
 m - a potion of haste
 n - a potion of berserk rage {unknown}
 r - 2 potions of stabbing
 v - 2 potions of ambrosia
 w - 2 potions of lignification
 z - a potion of mutation {unknown}
 A - 3 potions of heal wounds
 H - a potion of brilliance
Comestibles
 b - 7 rations


   Skills:
 + Level 2.4(2.2) Fighting
 + Level 1.3(3.6) Short Blades
 * Level 5.7(5.6) Long Blades
 + Level 0.6(0.4) Throwing
 * Level 5.0(4.8) Dodging
 - Level 2.6(2.4) Stealth
 * Level 4.1(3.8) Shields
 * Level 6.4(6.2) Spellcasting
 * Level 1.8(1.5) Hexes
 + Level 6.0(5.8) Necromancy
 * Level 1.7(1.5) Translocations


You had 6 spell levels left.
You knew the following spells:

 Your Spells              Type           Power        Failure   Level  Hunger
a - Apportation           Tloc           ###...       4%          1    None
b - Pain                  Necr           ####         1%          1    None
d - Vampiric Draining     Necr           #####.....   1%          3    None
i - Invisibility          Hex            ###.....     99%         6    ######.
k - Tukima's Dance        Hex            ###.....     12%         3    None

Your spell library contained the following spells:

 Spells                   Type           Power        Failure   Level  Hunger
 Animate Skeleton         Necr           N/A          1%          1    None
 Animate Dead             Necr           N/A          7%          4    ###....
 Summon Butterflies       Summ           #.......     8%          1    None
 Lesser Beckoning         Tloc           ###.......   12%         3    None
 Agony                    Necr           #####...     19%         5    #####..
 Alistair's Intoxication  Tmut/Pois      #.......     90%         5    #####..


Dungeon Overview and Level Annotations

Branches:
Dungeon (8/15)             Temple (1/1) D:5            Lair (0/6) D:8

Altars:
Ashenzari
Cheibriados
Fedhas
Gozag
Hepliaklqana
Nemelex Xobeh
Okawaru
Qazlal
Ru
Trog
Wu Jian
Zin
The Shining One

Shops:
D:7 *

Annotations:
D:4 1 runed translucent door, Flugkiller's ghost, amateur SpEn


Innate Abilities, Weirdness & Mutations

You cannot wear most types of armour.
You are very stealthy in the water. (Stealth+)
You are amphibious.
You can wear up to eight rings at the same time.
You can use your tentacles to constrict eight enemies at once.
Your skin changes colour to match your surroundings (Stealth+).
Your rubbery body absorbs attacks. (AC +1, EV +1)


Message History

Confirm with . or Enter, or press ? or * to list all spells.
Okay, then.
Press: ? - help, v - describe, . - travel
Here: a red ugly thing (lightly wounded)
The floor.
As you read the scroll labeled GIAGIXUOMNU, it crumbles to dust.
You feel strangely unstable.
It was a scroll of teleportation.
The red ugly thing trunk-slaps you.
You are engulfed in flames!!
* * * LOW HITPOINT WARNING * * *
Casting: Vampiric Draining (safe; 1% risk of failure)
Confirm with . or Enter, or press ? or * to list all spells.
Aiming: Vampiric Draining (safe; 1% risk of failure)
Press: ? - help, Shift-Dir - straight line, f - red ugly thing
Aim: a red ugly thing (lightly wounded)
The red ugly thing is lightly wounded.
You feel life coursing into your body. The red ugly thing trunk-slaps you!
* * * LOW HITPOINT WARNING * * *
You are engulfed in flames!
You die...
Your body crumbles into a pile of gold.

...............................##
.................................
.........##########..............
..######## ##...........## ..##
##..........# #..## #..........#
##..##### #..........# ##.....#
###### #..#.......# ##.#.##
##..@.###..###....## #..##
##...u>..#..# ###### ##..##
#...........#
##..####...........# ###
##..##............## ###..
##................# ##....
##...............# #.....
###...............# ##.....
##...#............## #......


You could see a red ugly thing.

Vanquished Creatures
  Sigmund (D:5)
  A human (D:7)
  4 hogs (D:7)
  3 sky beasts
  An orc warrior (D:6)
  4 ogres
  A centaur (D:5)
  A bullfrog (D:7)
  2 scorpions
  A crimson imp (D:6)
  A quasit (D:7)
  2 hounds (D:6)
  An orc priest (D:4)
  8 orc wizards
  An iguana (D:6)
  4 worker ants
  A hound zombie (D:6)
  A hound skeleton (D:4)
  4 gnolls
  A howler monkey skeleton (D:8)
  9 adders
  2 shadow imps
  3 adder skeletons
  2 worms (D:2)
  2 dart slugs
  7 leopard geckos
  29 orcs
  6 giant cockroaches
  7 goblins
  6 hobgoblins
  7 jackals
  6 quokkas
  5 ball pythons
  6 bats
  10 frilled lizards
  14 kobolds
  A leopard gecko zombie (D:7)
  6 rats
171 creatures vanquished.

Notes
Turn   | Place    | Note
-------+----------+-------------------------------------------
     0 | D:1      | Esekla the Octopode Necromancer began the quest for the
                  | Orb.
     0 | D:1      | Reached XP level 1. HP: 11/11 MP: 3/3
   372 | D:1      | Reached XP level 2. HP: 16/18 MP: 1/5
  1115 | D:2      | Reached skill level 1 in Fighting
  1115 | D:2      | Reached XP level 3. HP: 15/23 MP: 2/7
  1124 | D:2      | Learned a level 3 spell: Vampiric Draining
  1651 | D:2      | Reached XP level 4. HP: 28/28 MP: 3/8
  1697 | D:2      | Found a shattered altar of Ashenzari.
  2820 | D:3      | Reached skill level 1 in Long Blades
  2877 | D:3      | Found an iron altar of Okawaru.
  2877 | D:3      | Found a snail-covered altar of Cheibriados.
  3111 | D:4      | Reached XP level 5. HP: 32/33 MP: 10/10
  3285 | D:4      | Reached skill level 1 in Shields
  3801 | D:4      | Reached XP level 6. HP: 34/38 MP: 3/11
  4382 | D:4      | Found a runed translucent door.
  4736 | D:4      | Noticed Flugkiller's ghost (amateur SpEn)
  4918 | D:5      | Entered Level 5 of the Dungeon
  4921 | D:5      | Found a staircase to the Ecumenical Temple.
  4928 | Temple   | Entered the Ecumenical Temple
  4944 | Temple   | Became a worshipper of Gozag Ym Sagoz the Greedy
  5068 | D:5      | Found an ornate altar of the Wu Jian Council.
  5136 | D:5      | Reached XP level 7. HP: 11/43 MP: 9/13
  5367 | D:5      | Found a sacrificial altar of Ru.
  5513 | D:5      | Found a glowing silver altar of Zin.
  5644 | D:5      | Noticed Sigmund
  5666 | D:5      | Killed Sigmund
  5666 | D:5      | Reached skill level 5 in Necromancy
  6221 | D:4      | Reached XP level 8. HP: 48/48 MP: 13/15
  6481 | D:6      | Reached skill level 1 in Short Blades
  6486 | D:6      | Reached skill level 5 in Spellcasting
  7540 | D:7      | Reached skill level 5 in Long Blades
  7867 | D:7      | Found a sparkling altar of Nemelex Xobeh.
  7948 | D:7      | Learned a level 1 spell: Apportation
  7952 | D:7      | Learned a level 3 spell: Tukima's Dance
  7959 | D:7      | Learned a level 6 spell: Invisibility
  8115 | D:7      | Reached XP level 9. HP: 54/54 MP: 17/17
  8429 | D:7      | Reached skill level 1 in Hexes
  8429 | D:7      | Reached skill level 1 in Translocations
  8445 | D:7      | Reached skill level 5 in Dodging
  9171 | D:8      | Found a staircase to the Lair.
  9184 | D:8      | Noticed a two-headed ogre
  9237 | D:7      | Bought a fuming dark potion for 26 gold pieces
  9237 | D:7      | Bought a scroll labeled GIAGIXUOMNU for 29 gold pieces
  9237 | D:7      | Bought a scroll labeled KUROFO OBUIGH for 29 gold pieces
  9237 | D:7      | Bought a scroll labeled ROIKHA WUIGUL for 29 gold pieces
  9440 | D:8      | Noticed a red ugly thing
  9448 | D:7      | Mangled by a red ugly thing

Illustrated notes

Levels and vault maps discovered:
D:1:      mushboom_english_gardens, layout_loops_ring, minmay_misc_feat_doors,
          hangedman_feature_mirror, minmay_split_cup_large
D:2:      layout_loops_ring, st_stairs_13, nicolae_ashenzari_panopticon
D:3:      layout_loops_ring, amethyst_overflow_temple_binary
D:4:      layout_layer_cave, first_ration, ebering_ghost_sewer_d
D:5:      layout_rooms, kennysheep_little_box, nicolae_ru_sacrificial_ziggurat,
          zin_academy, minmay_temple_entry_sparse_star, wad_rectangle_vault,
          uniq_sigmund
D:6:      layout_basic
D:7:      layout_cave_pods, nemelex_xobeh_ov_fountains_minmay, grunt_livestock
D:8:      corexii_shack_village, layout_loops_ring, grunt_temple_overflow_open,
          dpeg_oklobed_lair, uniq_psyche
Temple:   dshaligram_water_room_temple

Skill      XL: |  1  2  3  4  5  6  7  8  9 |
---------------+----------------------------+-----
Fighting       | 1 2 |  2.4
Spellcasting   | 3 4 5 6 |  6.4
Long Blades    | 1 2 3 5 |  5.7
Dodging        | 3 4 5 |  5.0
Shields        | 1 2 3 4 |  4.1
Necromancy     | 5 6 |  6.0
Short Blades   | 1 |  1.3
Hexes          | 1 |  1.8
Translocations | 1 |  1.7
Throwing       | |  0.6
Stealth        | |  2.6

Action                   |  1- 3 |  4- 6 |  7- 9 || total
-------------------------+-------+-------+-------++-------
Melee: Unarmed           |     6 |       |       ||     6
       Dagger            |     9 |    11 |    11 ||    31
       Constrict         |    11 |    46 |    41 ||    98
       Tentacles         |     6 |    22 |    34 ||    62
       Long sword        |    18 |   128 |   142 ||   288
Throw: Javelin           |       |     2 |    16 ||    18
       Dart              |       |       |     2 ||     2
       Boomerang         |       |       |     1 ||     1
 Cast: Pain              |    25 |     3 |     8 ||    36
       Vampiric Draining |     4 |    28 |    42 ||    74
       Apportation       |       |       |     2 ||     2
Invok: Call Merchant     |       |       |     1 ||     1
  Use: Scroll            |       |       |    10 ||    10
 Stab: Sleeping          |     9 |    10 |     7 ||    26
       Distracted        |       |       |     2 ||     2
  Eat: Chunk             |     2 |     9 |       ||    11
       Ration            |       |     1 |     5 ||     6
Armor: Skin              |     3 |     6 |     5 ||    14
Dodge: Dodged            |    13 |   103 |   155 ||   271
Block: Buckler           |     2 |    21 |    40 ||    63
       Rpst.: Long sword |     2 |    29 |    49 ||    80
